 Dungeon Crawl Stone Soup version 0.31.0-32-g396128a36d (webtiles) character file.

Game seed: 15331384670054045120

1093 gohu the Thaumaturge (level 8, -6/50 HPs)
             Began as a Djinni Fire Elementalist on Mar 10, 2024.
             Mangled by a lemure (9 damage)
             ... led by Pikel
             ... on level 6 of the Dungeon.
             The game lasted 00:08:17 (4753 turns).

gohu the Thaumaturge (Djinni Fire Elementalist)     Turns: 4753, Time: 00:08:18

Health: -6/50      AC:  2    Str:  7    XL:     8   Next: 57%
Gold:   225        EV: 12    Int: 19    God:
                   SH:  0    Dex: 14

rFire   + + .        g - +2 dagger (flame)
rCold   x . .        (no shield)
rNeg    . . .        a - +0 robe
rPois   ∞            (no helmet)
rElec   .            (no cloak)
rCorr   .            (no gloves)
SInv    .            (boots unavailable)
Will    .....        (no amulet)
Stlth   ++           (no ring)
HPRegen 0.28/turn    (no ring)
MPRegen 0.00/turn

%: infuse magic (-7 HP)
@: brilliant, flying
A: sickness immunity, fire resistance 2, cold vulnerability 1, float, innate
caster, HP casting, extra vitality 1
a: no special abilities


You were on level 6 of the Dungeon.
You visited 1 branch of the dungeon, and saw 6 of its levels.

You collected 225 gold pieces.

Inventory:

Hand Weapons
 g - a +2 dagger of flaming (weapon)
 y - a +3 spear of freezing
Missiles
 v - 2 throwing nets
Armour
 a - a +0 robe (worn)
 o - a +0 leather armour of poison resistance
Magical Staves
 l - a staff of cold
Jewellery
 p - an amulet of regeneration
 s - a +4 ring of protection
Wands
 z - a wand of flame (24)
Scrolls
 f - 2 scrolls of enchant armour {unknown}
 i - 2 scrolls of revelation {unknown}
 j - a scroll of vulnerability {unknown}
 k - 2 scrolls of immolation {unknown}
 m - 2 scrolls of noise {unknown}
 r - 2 scrolls of identify {unknown}
 u - a scroll of fear {unknown}
 A - a scroll of silence {unknown}
Potions
 b - a potion of brilliance
 c - a potion of mutation {unknown}
 d - a potion of might {unknown}
 e - a potion of curing
 h - a potion of haste {unknown}
 n - a potion of lignification {unknown}
 q - a potion of ambrosia {unknown}
 t - a potion of heal wounds {unknown}
 w - a potion of magic {unknown}
 x - a potion of enlightenment {unknown}


   Skills:
 - Level 2.1 Dodging
 - Level 1.5 Stealth
 * Level 8.1 Spellcasting
 * Level 8.1 Conjurations
 * Level 8.1 Hexes
   Level 0.0 Charms
 * Level 8.1 Summonings
 * Level 8.1 Necromancy
 * Level 8.1 Translocations
   Level 0.0 Transmutations
 * Level 8.1 Fire Magic
 * Level 8.1 Ice Magic
 * Level 8.1 Air Magic
 * Level 8.1 Earth Magic
 * Level 8.1 Alchemy


You knew the following spells:

 Your Spells              Type           Power      Damage    Failure   Level
a - Foxfire               Conj/Fire      100%       2x1d9     1%          1
b - Scorch                Fire           100%       2d9       1%          2
c - Volatile Blastmotes   Fire/Tloc      100%       2d18      1%          3
d - Inner Flame           Hex/Fire       55%        N/A       1%          3
e - Flame Wave            Conj/Fire      55%        2d13      3%          4
f - Necrotise             Necr           100%       1d9       1%          1
g - Blink                 Tloc           100%       N/A       1%          2
h - Static Discharge      Conj/Air       100%       3-8/arc   1%          2
Your spell library was empty.

Dungeon Overview and Level Annotations

Branches:
Dungeon (6/15)
 Temple: D:4-7

Altars:
Ashenzari


Innate Abilities, Weirdness & Mutations

You are immune to sickness and miasma.
You are immune to poison.
Your flesh is very heat resistant. (rF++)
You are vulnerable to cold. (rC-)
You float through the air rather than walking.
You learn spells naturally, not from books.
Your magical power is your life essence.
You have superior vitality. (+4 MHP)


Message History

You hear a shout!
The hound bites you but does no damage. The hound barely misses you.
The hound bites you.
* * * LOW HITPOINT WARNING * * *
The hound is no longer more vulnerable to fire.
The hound bites you but does no damage.
There is a stone staircase leading down here.
It was a potion of curing.
You feel better. The hound bites you.
* * * LOW HITPOINT WARNING * * *
The hound closely misses you.
Casting: Scorch (safe; 1% risk of failure)
Confirm with . or Enter, or press ? or * to list all spells.
You feel a surge of power!
You conjure some foxfire!
* * * LOW HITPOINT WARNING * * *
The hound barely misses you.
The foxfire hits the hound.
The hound is almost dead.
The foxfire hits the hound.
You kill the hound!
You see here a scorpion corpse.
Casting: Foxfire (safe; 1% risk of failure)
Confirm with . or Enter, or press ? or * to list all spells.
You feel a surge of power!
Flames lash the lemure.
The lemure is heavily wounded.
The lemure's fire resistance burns away.
* * * LOW HITPOINT WARNING * * *
The lemure hits you.
* * * LOW HITPOINT WARNING * * *
The lemure hits you.
* * * LOW HITPOINT WARNING * * *
Casting: Scorch (safe; 1% risk of failure)
Confirm with . or Enter, or press ? or * to list all spells.
You feel a surge of power!
Flames lash the lemure.
The lemure is burned terribly!
The lemure is severely wounded.
* * * LOW HITPOINT WARNING * * *
The lemure hits you.
* * * LOW HITPOINT WARNING * * *
The lemure hits you!
You die...

### #### #..
...###### #.#
.#......############
#.#
<..####.........@5.#
#.# #.##
############†# #.#
#<#
#####.###.#######
#.#
#.....>.........#
#.#
#.###.###.#####.#
... #.# #.###.# ...
#.. ### ###...#
.#... #.# #####
.#... #.# .# ##


You could see a lemure (combustible).

Vanquished Creatures
  Sigmund (D:2)
  A water moccasin (D:6)
  A black bear (D:5)
  A gnoll sergeant (D:5)
  A scorpion (D:6)
  A bombardier beetle (D:4)
  2 orc priests
  3 hounds
  4 iguanas
  Terence (D:2)
  A sleepcap (D:5)
  11 gnolls
  7 adders
  2 dart slugs
  8 orcs
  8 bats
  8 endoplasms
  3 giant cockroaches
  8 goblins
  10 hobgoblins
  4 jackals (D:2)
  7 kobolds
  7 quokkas
  6 ball pythons
  10 frilled lizards
  2 rats (D:1)
118 creatures vanquished.

Vanquished Creatures (collateral kills)
  2 foxfires (D:1)
2 creatures vanquished.

Vanquished Creatures (others)
  248 foxfires
248 creatures vanquished.

Grand Total: 368 creatures vanquished

Notes
Turn   | Place    | Note
-------+----------+-------------------------------------------
     0 | D:1      | gohu the Djinni Fire Elementalist began the quest for the
                  | Orb.
     0 | D:1      | gohu set off with the following spells memorised: Foxfire,
                  | Scorch, Volatile Blastmotes, Inner Flame, Flame Wave.
     0 | D:1      | Reached XP level 1. HP: 15/15 MP: 0/0
    72 | D:1      | Reached XP level 2. HP: 19/21 MP: 0/0
   236 | D:1      | Found a faded altar of an unknown god.
   292 | D:1      | Reached XP level 3. HP: 24/25 MP: 0/0
   292 | D:1      | Learned a level 1 spell: Necrotise
   681 | D:2      | Noticed Terence
   695 | D:2      | Killed Terence
   696 | D:2      | Reached XP level 4. HP: 24/31 MP: 0/0
  1006 | D:2      | Noticed Sigmund
  1022 | D:2      | Killed Sigmund
  1023 | D:2      | Reached skill level 5 in Spellcasting
  1023 | D:2      | Reached skill level 5 in Conjurations
  1023 | D:2      | Reached skill level 5 in Hexes
  1023 | D:2      | Reached skill level 5 in Summonings
  1023 | D:2      | Reached skill level 5 in Necromancy
  1023 | D:2      | Reached skill level 5 in Translocations
  1023 | D:2      | Reached skill level 5 in Fire Magic
  1023 | D:2      | Reached skill level 5 in Ice Magic
  1023 | D:2      | Reached skill level 5 in Air Magic
  1023 | D:2      | Reached skill level 5 in Earth Magic
  1023 | D:2      | Reached skill level 5 in Alchemy
  1023 | D:2      | Reached XP level 5. HP: 25/35 MP: 0/0
  1023 | D:2      | Learned a level 2 spell: Blink
  1023 | D:2      | Reached XP level 6. HP: 28/40 MP: 0/0
  3112 | D:4      | Reached XP level 7. HP: 44/45 MP: 0/0
  3112 | D:4      | Learned a level 2 spell: Static Discharge
  4012 | D:5      | Entered Level 5 of the Dungeon
  4108 | D:5      | Found a broken altar of Ashenzari.
  4225 | D:5      | Reached XP level 8. HP: 43/50 MP: 0/0
  4741 | D:6      | HP: 2/50 [hound (4)]
  4753 | D:6      | Mangled by a lemure

Illustrated notes

Levels and vault maps discovered:
D:1:      dpeg_arrival_shelter, layout_basic, basic_ecumenical_altar,
          minmay_lizard_king
D:2:      layout_basic, uniq_sigmund, uniq_terence
D:3:      minmay_door_path, layout_loops_corners, serial_aquarium,
          aquarium_bridge_straight [aquarium_subvault_bridge,
          aquarium_subvault_balcony, aquarium_subvault_bridge,
          aquarium_subvault_window], aquarium_window_1, aquarium_window_2,
          aquarium_view_2d, aquarium_view_2c, aquarium_pool_five
D:4:      layout_gridville, nicolae_vehumet_radiance, minmay_door_square,
          chequers_serial_rivers_small_a, chequers_serial_rivers_small_b,
          minmay_misc_feat_x
D:5:      layout_cave_pools, mainiacjoe_overflow_large_starburst
D:6:      layout_loops_ring, minmay_temple_entry_gardened_gates,
          kennysheep_generic_room_6, uniq_pikel

Skill      XL: |  1  2  3  4  5  6  7  8 |
---------------+-------------------------+-----
Spellcasting   | 4 5 6 7 8 |  8.1
Conjurations   | 4 5 6 7 8 |  8.1
Hexes          | 4 5 6 7 8 |  8.1
Summonings     | 4 5 6 7 8 |  8.1
Necromancy     | 4 5 6 7 8 |  8.1
Translocations | 4 5 6 7 8 |  8.1
Fire Magic     | 4 5 6 7 8 |  8.1
Ice Magic      | 4 5 6 7 8 |  8.1
Air Magic      | 4 5 6 7 8 |  8.1
Earth Magic    | 4 5 6 7 8 |  8.1
Alchemy        | 4 5 6 7 8 |  8.1
Dodging        | |  2.1
Stealth        | |  1.5

Action                     |  1- 3 |  4- 6 |  7- 9 || total
---------------------------+-------+-------+-------++-------
   Cast: Foxfire           |    65 |    50 |    41 ||   156
         Volatile Blastmot |     2 |     5 |    10 ||    17
         Scorch            |       |    26 |    32 ||    58
    Use: Potion            |       |       |     2 ||     2
 Armour: Robe              |     4 |     5 |    27 ||    36
  Dodge: Dodged            |     1 |    13 |    19 ||    33
